 Dungeon Crawl Stone Soup version 0.25-a0-1133-g93ebf739aa (webtiles) character file.

Game seed: 4882225566962152720, levelgen mode: deterministic

53683 Essalna the Thaumaturge (level 14, -2/86 HPs)
             Began as a Deep Elf Fire Elementalist on May 21, 2020.
             Was a High Priest of Vehumet.
             Slain by a dream sheep (23 damage)
             ... on level 6 of the Lair of Beasts on May 22, 2020.
             The game lasted 01:17:04 (21539 turns).

Essalna the Thaumaturge (DEFE)                     Turns: 21539, Time: 01:17:05

Health: -2/86      AC: 17    Str:  5    XL:     14   Next: 31%
Magic:  32/33      EV: 19    Int: 26    God:    Vehumet [*****.]
Gold:   1121       SH:  0    Dex: 15    Spells: 26/39 levels left

rFire    . . .     SeeInvis .   f - +4 whip (drain)
rCold    . . .     Gourm    .   A - +0 buckler
rNeg     . . .     Faith    .   P - +3 troll leather armour
rPois    .         Spirit   .   p - +0 helmet
rElec    .         Reflect  .   z - +0 cloak
rCorr    +         Harm     .   x - +0 pair of gloves
MR       +....                  N - +1 pair of boots
Stlth    ++........             M - amulet of magic regeneration
HPRegen  0.64/turn              Z - ring of resist corrosion
MPRegen  0.48/turn              s - +4 ring of protection

@: sleeping
A: no striking features
a: Renounce Religion


You were on level 6 of the Lair of Beasts.
You worshipped Vehumet.
Vehumet was extremely pleased with you.
You were not hungry.

You visited 3 branches of the dungeon, and saw 18 of its levels.

You collected 1121 gold pieces.

Inventory:

Hand Weapons
 f - a +4 whip of draining (weapon)
Missiles
 d - 36 poisoned darts (quivered)
 e - 6 atropa-tipped darts
 y - 6 silver javelins
Armour
 p - a +0 helmet (worn)
 x - a +0 pair of gloves (worn)
 z - a +0 cloak (worn)
 A - a +0 buckler (worn)
 N - a +1 pair of boots (worn)
 P - a +3 troll leather armour (worn)
Magical Staves
 W - an uncursed staff of air
Jewellery
 g - an uncursed ring of ice
 s - a +4 ring of protection (right hand)
 F - an uncursed ring of positive energy
 H - an uncursed ring of positive energy
 M - an amulet of magic regeneration (around neck)
 Z - a ring of resist corrosion (left hand)
Wands
 v - a wand of iceblast (9)
 w - a wand of flame (8)
 B - a wand of clouds (6)
 X - a wand of enslavement (8)
Scrolls
 i - 2 scrolls of random uselessness
 n - 2 scrolls of amnesia
 o - 7 scrolls of teleportation
 t - 10 scrolls of remove curse
 D - a scroll of blinking
 E - 2 scrolls of noise
 I - 2 scrolls of identify
 J - a scroll of immolation
 Q - 2 scrolls of enchant armour
 V - 2 scrolls of fog
Potions
 a - a potion of berserk rage
 b - 4 potions of haste
 h - 2 potions of magic
 k - 6 potions of heal wounds
 l - 6 potions of curing
 m - 3 potions of mutation
 q - a potion of brilliance
 r - a potion of invisibility
 u - a potion of might
 C - 3 potions of stabbing
 K - 3 potions of flight
 L - 2 potions of lignification
 O - a potion of ambrosia
 S - 2 potions of degeneration
Miscellaneous
 j - a tin of tremorstones (3/3)
Comestibles
 c - 44 rations
 G - 11 chunks of flesh


   Skills:
 + Level 9.5 Fighting
 - Level 4.3 Armour
 + Level 12.3 Dodging
 - Level 2.4 Stealth
 - Level 4.2 Shields
 + Level 13.2 Spellcasting
 + Level 11.1 Conjurations
 + Level 11.5 Fire Magic


You had 26 spell levels left.
You knew the following spells:

 Your Spells              Type           Power        Failure   Level  Hunger
a - Foxfire               Conj/Fire      ####         1%          1    None
b - Sticky Flame          Conj/Fire      ######..     1%          4    None
c - Fireball              Conj/Fire      ######....   1%          5    ##.....
d - Inner Flame           Hex/Fire       #####...     1%          3    None

Your spell library contained the following spells:

 Spells                   Type           Power        Failure   Level  Hunger
 Lee's Rapid Deconstruct  Erth           ###.......   34%         5    ##.....
 Conjure Flame            Conj/Fire      ######..     1%          3    None
 Animate Skeleton         Necr           N/A          5%          1    None
 Apportation              Tloc           ###...       5%          1    None
 Corona                   Hex            ###....      5%          1    None
 Pain                     Necr           ###.         5%          1    None
 Summon Small Mammal      Summ           ###.         5%          1    None
 Slow                     Hex            ###.....     8%          2    None
 Portal Projectile        Hex/Tloc       ###...       16%         3    None
 Vampiric Draining        Necr           ###.......   16%         3    None
 Animate Dead             Necr           N/A          45%         4    None
 Cause Fear               Hex            ###.......   45%         4    None
 Leda's Liquefaction      Hex/Erth       ###.......   45%         4    None
 Agony                    Necr           ###.....     82%         5    ##.....


Dungeon Overview and Level Annotations

Branches:
Dungeon (11/15)            Temple (1/1) D:5            Lair (6/6) D:11
 Shoals (0/4) Lair:2        Snake (0/4) Lair:3        Slime (0/5) Lair:5
    Orc (0/2) D:11

Altars:
Ashenzari
Cheibriados
Dithmenos
Elyvilon
Fedhas
Gozag
Hepliaklqana
Kikubaaqudgha
Makhleb
Nemelex Xobeh
Okawaru
Qazlal
Ru
Sif Muna
Trog
Uskayaw
Vehumet
Wu Jian
Xom
Yredelemnul
Zin
The Shining One
Beogh

Shops:
D:7 !

Annotations:
Lair:2 1 runed translucent door, Ducouz's ghost, journeyman TrMo


Message History

You conjure some foxfire!
The dream sheep closely misses you. The dream sheep bites you!
* * * LOW HITPOINT WARNING * * *
Casting: Foxfire (safe; 1% risk of failure)
Confirm with . or Enter, or press ? or * to list all spells.
You conjure some foxfire!
The foxfire hits the dream sheep.
The dream sheep is lightly wounded.
The foxfire hits the dream sheep.
The dream sheep is lightly wounded.
The dream sheep misses you.
The dream sheep shake their wool and sparkle.
You feel drowsy...
You fall asleep.
The foxfire hits the dream sheep.
The dream sheep is moderately wounded.
The foxfire hits the dream sheep.
The dream sheep is moderately wounded.
The dream sheep completely misses you.
A death yak comes into view.
The dream sheep bites you!!
You die...

......................P
........................÷
..Y.....#................
.Y.....?#................
.........................
.........................
........................[
.....§§YY(...............
..†..§†§@....P.......###.
.....§§§.§............#..
.........................
.........................#
..........................
.........................#
...................P.#..##
.)...........#P.........#.
.......................##.


You could see a death yak, a yak and 2 dream sheep.

Vanquished Creatures
  3 hydras
  Harold (D:9)
  2 two-headed ogres
  An unseen horror (D:11)
  3 ugly things
  6 elephants
  A guardian serpent (Lair:3)
  3 black mambas
  9 spiny frogs
  An eye of devastation (Lair:5)
  A rime drake (Lair:5)
  4 komodo dragons
  A queen bee (Lair:2)
  A polar bear (Lair:6)
  4 trolls
  13 blink frogs
  10 dream sheep
  11 hippogriffs
  2 wyverns
  4 basilisks
  25 yaks
  2 hungry ghosts
  A warg (Lair:6)
  9 water moccasins
  7 porcupines
  2 black bears
  3 orc warriors
  5 ice beasts
  4 sky beasts
  2 eyes of draining
  2 hornet zombies (D:10)
  A necrophage (D:6)
  2 ogres
  A phantom (D:5)
  14 centaurs
  12 crocodiles
  7 wolves
  A big kobold (D:7)
  13 bullfrogs
  A gnoll sergeant (D:8)
  A water moccasin zombie (D:9)
  6 scorpions
  4 jellies
  28 killer bees
  2 electric eels (Lair:1)
  3 howler monkeys
  5 crimson imps
  A centaur zombie (D:6)
  2 hounds
  A centaur skeleton (D:7)
  6 orc priests
  A gnoll shaman (D:7)
  4 iguanas
  8 orc wizards
  11 worker ants
  A killer bee zombie (D:9)
  2 hound zombies (D:11)
  2 hound skeletons (D:4)
  4 worker ant zombies
  Robin (D:2)
  12 gnolls
  A river rat (D:5)
  11 adders
  2 shadow imps
  3 oozes
  An adder zombie (D:7)
  2 worms
  3 dart slugs
  5 leopard geckos
  43 orcs
  A ball python (D:5)
  16 giant cockroaches
  10 goblins
  14 hobgoblins
  8 jackals
  9 quokkas
  4 bats
  3 frilled lizards (D:2)
  7 kobolds
  A leopard gecko skeleton (D:4)
  A quokka skeleton (D:6)
  7 rats
  A butterfly (Lair:2)
  A fungus (Lair:4)
  2 plants
456 creatures vanquished.

Vanquished Creatures (collateral kills)
  A blink frog (Lair:6)
  2 bats (D:2)
  3 goblins (D:2)
  A fungus (Lair:6)
7 creatures vanquished.

Vanquished Creatures (others)
  A bush (Lair:6)
  1950 foxfires
  20 fungi
  14 plants
1985 creatures vanquished.

Grand Total: 2448 creatures vanquished

Notes
Turn   | Place    | Note
-------+----------+-------------------------------------------
     0 | D:1      | Essalna the Deep Elf Fire Elementalist began the quest for
                  | the Orb.
     0 | D:1      | Reached XP level 1. HP: 10/10 MP: 6/6
   246 | D:1      | Reached XP level 2. HP: 16/16 MP: 4/8
  1173 | D:2      | Reached XP level 3. HP: 20/20 MP: 4/9
  1421 | D:2      | Reached skill level 1 in Fighting
  1683 | D:2      | Reached XP level 4. HP: 17/25 MP: 1/11
  2106 | D:2      | Noticed Robin
  2208 | D:2      | Killed Robin
  2311 | D:2      | Reached skill level 4 in Spellcasting
  2975 | D:3      | Found a blossoming altar of Fedhas.
  3237 | D:3      | Reached XP level 5. HP: 29/29 MP: 10/13
  3762 | D:3      | Found a glowing golden altar of the Shining One.
  4084 | D:4      | Found an opulent altar of Gozag.
  4218 | D:4      | Found a hide-covered altar of Uskayaw.
  4416 | D:4      | Reached XP level 6. HP: 15/35 MP: 0/14
  5013 | D:5      | Entered Level 5 of the Dungeon
  5013 | D:5      | Found a shadowy altar of Dithmenos.
  5013 | D:5      | Found a glowing silver altar of Zin.
  5013 | D:5      | Found a stormy altar of Qazlal.
  5014 | D:5      | Found a sparkling altar of Nemelex Xobeh.
  5014 | D:5      | Found a snail-covered altar of Cheibriados.
  5015 | D:5      | Noticed a hippogriff
  5023 | D:5      | Killed a hippogriff
  5023 | D:5      | Reached skill level 5 in Spellcasting
  5221 | D:5      | Found a staircase to the Ecumenical Temple.
  5249 | Temple   | Entered the Ecumenical Temple
  5470 | Temple   | Became a worshipper of Vehumet
  5588 | D:5      | Reached XP level 7. HP: 32/40 MP: 10/16
  5835 | D:5      | Reached skill level 5 in Fire Magic
  6021 | D:5      | Reached skill level 5 in Dodging
  6732 | D:5      | Found a shimmering blue altar of Sif Muna.
  6970 | D:7      | Reached skill level 6 in Spellcasting
  7222 | D:6      | Reached XP level 8. HP: 23/46 MP: 9/19
  7586 | D:6      | You fall into a shaft and drop 2 floors!
  7700 | D:7      | Noticed a troll
  7707 | D:7      | Killed a troll
  7707 | D:7      | Reached skill level 5 in Conjurations
  7767 | D:7      | Learned a level 4 spell: Sticky Flame
  7890 | D:7      | Reached * piety under Vehumet
  7890 | D:7      | Offered knowledge of Freeze by Vehumet.
  7957 | D:7      | Found Xof Ofod's Distillery.
  7962 | D:7      | Reached skill level 7 in Spellcasting
  8498 | D:6      | Found a runed translucent door.
  8597 | D:6      | Reached XP level 9. HP: 52/52 MP: 18/22
  8634 | D:6      | Learned a level 5 spell: Fireball
  9237 | D:6      | Learned a level 3 spell: Inner Flame
  9851 | D:6      | Reached ** piety under Vehumet
  9851 | D:6      | Offered knowledge of Shock by Vehumet.
  9860 | D:6      | Reached skill level 8 in Spellcasting
  9983 | D:6      | Found a roughly hewn altar of Beogh.
 11047 | D:8      | Offered knowledge of Searing Ray by Vehumet.
 11047 | D:8      | Reached skill level 5 in Fighting
 12100 | D:8      | Reached XP level 10. HP: 59/59 MP: 22/24
 12191 | D:8      | Reached *** piety under Vehumet
 12191 | D:8      | Reached skill level 9 in Spellcasting
 12470 | D:9      | Noticed Harold
 12478 | D:9      | Killed Harold
 12920 | D:9      | Found a bloodstained altar of Trog.
 13387 | D:10     | Entered Level 10 of the Dungeon
 13469 | D:10     | Noticed a two-headed ogre
 13515 | D:10     | Offered knowledge of Stone Arrow by Vehumet.
 13619 | D:11     | Found a staircase to the Orcish Mines.
 13716 | D:11     | Reached skill level 10 in Spellcasting
 14069 | D:10     | Killed a two-headed ogre
 14069 | D:10     | Reached XP level 11. HP: 64/64 MP: 10/27
 14536 | D:11     | Noticed a purple ugly thing
 14550 | D:10     | Killed a purple ugly thing
 14684 | D:11     | Reached skill level 1 in Armour
 14739 | D:11     | Noticed a purple ugly thing
 14749 | D:11     | Killed a purple ugly thing
 14749 | D:11     | Reached **** piety under Vehumet
 14756 | D:11     | Noticed a two-headed ogre
 14767 | D:11     | Killed a two-headed ogre
 14768 | D:11     | Offered knowledge of Static Discharge by Vehumet.
 14902 | D:11     | Reached skill level 10 in Dodging
 15123 | D:11     | Found a staircase to the Lair.
 15187 | D:11     | Noticed a white ugly thing
 15199 | Lair:1   | Entered Level 1 of the Lair of Beasts
 15202 | Lair:1   | Noticed a five-headed hydra
 15209 | Lair:1   | Reached skill level 11 in Spellcasting
 15213 | Lair:1   | Killed a five-headed hydra
 15413 | D:11     | Killed a white ugly thing
 15616 | D:11     | Killed an unseen horror
 15656 | D:11     | Got a dazzling ring mail
 15667 | D:11     | Identified the +5 ring mail "Gisupt" {MR- rCorr MP-9 Int+8}
                  | (You found it on level 11 of the Dungeon)
 15923 | Lair:1   | Reached skill level 10 in Fire Magic
 15926 | Lair:1   | Reached ***** piety under Vehumet
 15926 | Lair:1   | Offered knowledge of Fulminant Prism by Vehumet.
 16430 | Lair:2   | Found a staircase to the Shoals.
 16432 | Lair:2   | Reached XP level 12. HP: 62/72 MP: 21/29
 16635 | Lair:2   | Found a runed translucent door.
 16639 | Lair:2   | Noticed Ducouz's ghost (journeyman TrMo)
 17481 | Lair:3   | Noticed an eight-headed hydra
 17485 | Lair:3   | Killed an eight-headed hydra
 17755 | Lair:3   | Found a staircase to the Snake Pit.
 18332 | Lair:4   | Reached skill level 12 in Spellcasting
 18410 | Lair:4   | Reached skill level 10 in Conjurations
 18983 | Lair:4   | Reached skill level 1 in Shields
 19861 | Lair:4   | Reached XP level 13. HP: 80/80 MP: 31/31
 20033 | Lair:5   | Found a staircase to the Slime Pits.
 20303 | Lair:5   | Offered knowledge of Lee's Rapid Deconstruction by Vehumet.
 20735 | Lair:6   | Entered Level 6 of the Lair of Beasts
 20806 | Lair:6   | Reached XP level 14. HP: 86/86 MP: 30/32
 21111 | Lair:6   | Reached skill level 13 in Spellcasting
 21539 | Lair:6   | Slain by a dream sheep

Illustrated notes

Levels and vault maps discovered:
D:1:      lightli_arrival_lavapool, layout_loops_ring, minmay_tree_intersection
D:2:      minmay_roachtagon, layout_rooms, uniq_robin
D:3:      layout_loops_ring, lemuel_coloured_pillars_altar,
          fedhas_altar_fruit_tree
D:4:      layout_loops_ring, eat_drink_and_be_merry_uskayaw,
          grunt_gozag_breadcrumbs, serial_bayou, serial_bayou_pond_d,
          serial_bayou_lagoon_a, serial_bayou_pond_c, serial_bayou_pond_c,
          first_ration
D:5:      layout_basic, lemuel_round_altar, grunt_temple_overflow_open,
          minmay_temple_entry_offerings, portal_sewer_entry_e
D:6:      layout_basic, chequers_serial_rivers_micro_e, lightli_church_of_beogh
D:7:      layout_gridville, serial_shops, shop
D:8:      layout_basic
D:9:      layout_roguey, trog_ov_bears_minmay, uniq_psyche, uniq_harold
D:10:     layout_cave_pools
D:11:     layout_small_grid, minmay_lair_entry_grove, orc_0_dummy
Temple:   minmay_temple_curvy_loop
Lair:1:   layout_cave_shapes, minmay_holes, st_stairs_5,
          infiniplex_staircase_pool, serial_bayou_shore_a
Lair:2:   layout_small_grid, minmay_shoals_entry_centaurs,
          ebering_ghost_inner_flame, special_room [special_room_bee],
          grunt_megastairs_4, serial_bayou_shore_b, lemuel_fruit_fields
Lair:3:   layout_gridlike, minmay_snake_entry_spellcaster
Lair:4:   layout_roguey, serial_bayou_shore_b, lemuel_fruit_tree,
          infiniplex_staircase_pool_2
Lair:5:   layout_cave_pods, minmay_slime_entry_eyes
Lair:6:   hangedman_lair_caniforms_friends, layout_cave_shapes,
          ebering_ghost_inner_flame, lightli_volcano_entry_magma_tube,
          gammafunk_lair_bear_cave, minmay_lair_oklob_chamber

Skill      XL: |  1  2  3  4  5  6  7  8  9 10 11 12 13 14 |
---------------+-------------------------------------------+-----
Dodging        | 3 4 5 6 8 9 10 11 12 | 12.3
Fighting       | 1 2 3 4 5 6 7 8 9 |  9.5
Conjurations   | 2 3 4 5 7 8 9 10 11 | 11.1
Spellcasting   | 4 5 6 7 8 10 11 12 13 | 13.2
Fire Magic     | 4 5 6 7 9 10 11 | 11.5
Armour         | 3 4 |  4.3
Shields        | 4 |  4.2
Stealth        | |  2.4

Action                   |  1- 3 |  4- 6 |  7- 9 | 10-12 | 13-15 || total
-------------------------+-------+-------+-------+-------+-------++-------
Melee: Whip              |    16 |    63 |   461 |   279 |    29 ||   848
 Cast: Foxfire           |    89 |   145 |   329 |   454 |   244 ||  1261
       Sticky Flame      |       |       |    11 |    49 |    22 ||    82
       Inner Flame       |       |       |     4 |    41 |     2 ||    47
       Fireball          |       |       |     4 |    53 |    12 ||    69
Evoke: Wand              |       |       |     2 |     5 |       ||     7
  Use: Potion            |       |       |     2 |     2 |       ||     4
       Scroll            |       |       |       |    28 |     1 ||    29
 Stab: Sleeping          |       |     2 |     1 |       |       ||     3
       Paralysed         |       |       |     9 |     6 |       ||    15
       Distracted        |       |       |     1 |       |       ||     1
  Eat: Chunk             |     2 |     8 |    15 |    26 |     6 ||    57
       Ration            |       |     1 |     3 |     1 |       ||     5
Armor: Robe              |     4 |    16 |    98 |    38 |       ||   156
       Troll leather arm |       |       |       |    67 |    50 ||   117
       Skin              |       |       |       |     1 |       ||     1
Dodge: Dodged            |    24 |    73 |   396 |   384 |   125 ||  1002
Block: Buckler           |       |       |       |     3 |    36 ||    39

Table legend:
 A = Non-vault XP
 B = Vault XP
 C = Vault XP percentage of total XP
 D = Non-vault monster count
 E = Vault monster count
 F = Vault count percentage of total count
                 A         B        C        D         E       F
            +---------+---------+-------+---------+---------+-------
      Total |   43451 |    8054 |  15.6 |     351 |     107 |  23.4
            +---------+---------+-------+---------+---------+-------
        D:1 |      38 |       0 |   0.0 |      17 |       0 |   0.0
        D:2 |      65 |      57 |  46.7 |      23 |      24 |  51.1
        D:3 |      93 |       0 |   0.0 |      17 |       0 |   0.0
        D:4 |     177 |       0 |   0.0 |      15 |       0 |   0.0
        D:5 |     763 |      28 |   3.5 |      16 |       8 |  33.3
        D:6 |     916 |     463 |  33.6 |      23 |      23 |  50.0
        D:7 |    1477 |       0 |   0.0 |      29 |       0 |   0.0
        D:8 |    1742 |       0 |   0.0 |      29 |       0 |   0.0
        D:9 |     756 |    1088 |  59.0 |       7 |       2 |  22.2
       D:10 |    3602 |     111 |   3.0 |      31 |       1 |   3.1
       D:11 |    5008 |    1662 |  24.9 |      33 |      11 |  25.0
     Lair:1 |    2688 |     200 |   6.9 |       9 |       2 |  18.2
     Lair:2 |    2042 |    2225 |  52.1 |      10 |      28 |  73.7
     Lair:3 |    1666 |     463 |  21.7 |       6 |       1 |  14.3
     Lair:4 |    8734 |       0 |   0.0 |      35 |       0 |   0.0
     Lair:5 |    2607 |    1046 |  28.6 |      11 |       4 |  26.7
     Lair:6 |   11077 |     711 |   6.0 |      40 |       3 |   7.0
            +---------+---------+-------+---------+---------+-------
